Map: Ghost River LE

Players

Wanderer - Winner!

  • Race: Zerg Zerg
  • League: Diamond
  • Spawn Location: 11:00

FartNyerFace

  • Race: Zerg Zerg
  • League: Diamond
  • Spawn Location: 1:00

VOD

Have the link to the VOD?

Description

Time

  • Played on: Oct. 26, 2024, 9:57 p.m.
  • Length: 3:10
Show
View Real Time Build Order
Export as new Build Order

Wanderer Zerg - Winner!

Build Orders: Pool First 

Get SALT Encoding   

  12  0:00  Drone  
  13  0:12  Overlord  
  13  0:17  Drone  
  14  0:31  Drone x2  
  16  0:41  Spawning Pool  
  15  0:43  Extractor  
  15  0:46  Drone  
  15  0:51  Drone  
  16  0:58  Drone  
  17  1:18  Hatchery  
  16  1:30  Zergling x6  
  19  1:39  Baneling Nest  
  18  1:46  Zergling x2  
  19  1:56  Zergling x2  
  20  2:17  Drone x2  
  22  2:25  Overlord  
  22  2:29  Queen  
  24  2:39  Baneling x4  
  24  2:49  Drone  
  27  2:52  Drone  
Show
View Real Time Build Order
Export as new Build Order

FartNyerFace Zerg 

Build Orders: Pool First 

Get SALT Encoding   

  12  0:17  Spawning Pool  
  11  0:22  Drone  
  11  0:27  Drone  
  13  0:33  Drone  
  14  0:41  Overlord  
  14  0:56  Extractor  
  13  1:04  Zergling x4  
  13  1:07  Zergling x2  
  16  1:17  Zergling x2  
  17  1:24  Hatchery  
  16  1:29  Zergling x2  
  17  1:37  Zergling x2  
  18  1:54  Zergling x2  
  19  2:07  Queen  
  21  2:15  Drone  
  22  2:21  Overlord  
  22  2:38  Zergling x2  
  22  2:39  Zergling x4  
  27  2:53  Zergling x4  
Tags
 
Add a new tag
Caveats
  • Supply blocks, unpowered buildings, or Contaminate may cause inaccurate times.
  • Supply counts are checked every 10 seconds.